 Dungeon Crawl Stone Soup version 0.31-a0-472-g43a2ca8e1b (webtiles) character file.

Game seed: 3583009600093225836

900 Ethylacetat the Changeling (level 8, -2/54 HPs)
             Began as an Octopode Shapeshifter on Aug 6, 2023.
             Was an Initiate of Gozag.
             Slain by an ogre
             ... wielding a +0 giant club
              (32 damage)
             ... on level 5 of the Dungeon.
             The game lasted 00:04:42 (3637 turns).

Ethylacetat the Changeling (Octopode Shapeshifter)  Turns: 3637, Time: 00:04:44

Health: -2/54      AC:  8    Str: 21    XL:     8   Next: 7%
Magic:  8/8        EV: 18    Int: 10    God:    Gozag
Gold:   213        SH:  0    Dex: 14    Spells: 7/7 levels left

rFire   . . .        c - +0 flail (protect)
rCold   . . .        o - orb {light}
rNeg    . . .        (helmet currently unavailable)
rPois   .            (no amulet)
rElec   .            e - +4 ring of slaying
rCorr   .            n - +6 ring of strength
SInv    .            w - +5 ring of evasion
Will    .....        (no ring)
Stlth   +            (no ring)
HPRegen 0.29/turn    (no ring)
MPRegen 0.11/turn    (no ring)
                     (no ring)

%: no passive effects
@: beast-form, under a protective aura, glowing
A: beast (slay +4), almost no armour, amphibious, 8 rings, camouflage 1,
gelatinous body 1, (nimble swimmer 1), tentacles
a: Begin Untransformation, Renounce Religion, Potion Petition, Call Merchant,
Bribe Branch


You were on level 5 of the Dungeon.
You worshipped Gozag.
Gozag was aware of your devotion.
You were a hulking beast.
You visited 2 branches of the dungeon, and saw 6 of its levels.

You collected 310 gold pieces.
You paid 97 gold pieces to Gozag.

Inventory:

Hand Weapons
 c - a +0 flail of protection (weapon)
 r - a +0 sling
Armour
 o - an orb of light (worn)
Jewellery
 e - a +4 ring of slaying (left tentacle)
 n - a +6 ring of strength (right tentacle)
 w - a +5 ring of evasion (on tentacle)
Talismans
 b - a beast talisman (active)
Wands
 v - a wand of acid (9)
Scrolls
 d - a scroll of torment {unknown}
 g - a scroll of amnesia {unknown}
 h - 3 scrolls of identify {unknown}
 i - 3 scrolls of immolation {unknown}
 j - a scroll of fear {unknown}
 l - a scroll of poison {unknown}
 m - a scroll of brand weapon {unknown}
 s - a scroll of revelation {unknown}
 u - a scroll of teleportation {unknown}
 x - a scroll of enchant weapon {unknown}
 y - 2 scrolls of butterflies {unknown}
Potions
 a - 2 potions of lignification
 f - a potion of brilliance {unknown}
 k - a potion of heal wounds {unknown}
 p - a potion of enlightenment {unknown}
 q - a potion of resistance {unknown}
 t - 2 potions of curing {unknown}
 z - a potion of might
 A - a potion of cancellation {unknown}


   Skills:
 + Level 4.4 Fighting
 - Level 2.0 Dodging
 + Level 5.3 Unarmed Combat
 * Level 6.1 Shapeshifting


You had 7 spell levels left.
You didn't know any spells.
Your spell library contained the following spells:

 Spells                   Type           Power      Damage    Failure   Level
 Foxfire                  Conj/Fire      0%         2x1d4     36%         1
 Blink                    Tloc           0%         N/A       50%         2
 Lesser Beckoning         Tloc           0%         N/A       50%         2
 Gell's Gravitas          Tloc           0%         N/A       75%         3
 Mephitic Cloud           Conj/Pois/Air  0%         N/A       75%         3
 Teleport Other           Tloc           0%         N/A       75%         3
 Manifold Assault         Tloc           0%         N/A       98%         4
 Eringya's Noxious Bog    Tmut/Pois      0%         4d6       100%        6
 Chain Lightning          Conj/Air       0%         N/A       100%        9
 Fire Storm               Conj/Fire      0%         5d1       100%        9
 Shatter                  Erth           0%         3d5*      100%        9


Dungeon Overview and Level Annotations

Branches:
Dungeon (5/15)             Temple (1/1) D:5

Altars:
Ashenzari
Cheibriados
Dithmenos
Elyvilon
Fedhas
Gozag
Kikubaaqudgha
Nemelex Xobeh
Okawaru
Qazlal
Sif Muna
Vehumet
Wu Jian
Xom
Yredelemnul
Zin
The Shining One

Shops:
D:3 [=


Innate Abilities, Weirdness & Mutations

You are a hulking beast.
Your limbs bulge with bestial killing power. (Slay +4)
You cannot wear most types of armour.
You are amphibious.
You can wear up to eight rings at the same time.
Your skin changes colour to match your surroundings (Stealth+).
Your rubbery body absorbs attacks. (AC +1, EV +1)
((You are camouflaged when in or above water. (Stealth+)))
You have tentacles for arms and can constrict up to eight enemies at once.


Message History

You closely miss the phantom. You squeeze the phantom!
You destroy the phantom!
You constrict the orc wizard. The hound bites you. The hound misses you.
The orc wizard hits you but does no damage.
You are poisoned.
The ogre is distracted by your dazzling golden aura.
Your Shapeshifting skill increases to level 6!
You have reached level 8!
You completely miss the hound.
The ogre shouts!
You grab the hound. You constrict the orc wizard!
You kill the orc wizard!
You constrict the hound.
You feel sick. The hound bites you. The hound barely misses you.
You release your grip on the hound.
You feel sick. The hound bites you. The hound closely misses you.
You see here 5 gold pieces.
You sock the hound!
Your weapon exudes an aura of protection.
Your grab misses the hound.
The hound is almost dead.
You feel sick. The hound closely misses you. The orc closely misses you.
The hound misses you. The orc misses you.
The iguana is distracted by your dazzling golden aura.
You barely miss the hound.
The iguana hisses angrily.
You grab the hound. You tentacle-slap the hound.
You kill the hound!
You feel sick.
You are no longer poisoned.
The ogre is no longer distracted by gold.
The orc closely misses you.
You sock the ogre! You squeeze the ogre!
The ogre is severely wounded.
The iguana is no longer distracted by gold.
The orc barely misses you.
The ogre hits you with a +0 giant club!!
Ouch! That really hurt!
You die...
Your body crumbles into a pile of gold.

..######## .........#
#.#.# ## .........# .....
...# .........# ##.#.#
#.#.# .........#
.......... .........#
##.#.#.#.# .(.......#
#.<...... .........#
#.#O#.# .........#
###ho$####.#
.###'#########..........#
.#...# #....#.♣.♣.#..#
.###.# #.##..........#
.....# #.##.♣.♣.♣.♣..#
###..# #.##...._.....#
.....######.##.♣.♣.♣.♣..#
###.........##..........#
#########....#.♣.♣.#..#


You could see an ogre and an orc.

Vanquished Creatures
  Eustachio (D:5)
  A steam dragon (D:5)
  3 phantoms (D:5)
  A scorpion (D:5)
  A jelly (D:4)
  3 hounds (D:5)
  An iguana (D:4)
  Terence (D:3)
  An orc wizard (D:5)
  6 adders
  A shadow imp (D:5)
  2 worms
  8 dart slugs
  10 orcs
  5 ball pythons
  7 endoplasms
  3 giant cockroaches
  3 hobgoblins
  10 quokkas
  10 bats
  3 frilled lizards
  8 goblins
  6 kobolds
  2 rats
97 creatures vanquished.

Notes
Turn   | Place    | Note
-------+----------+-------------------------------------------
     0 | D:1      | Ethylacetat the Octopode Shapeshifter began the quest for
                  | the Orb.
     0 | D:1      | Reached XP level 1. HP: 13/13 MP: 1/1
    87 | D:1      | Reached XP level 2. HP: 11/18 MP: 2/2
   561 | D:2      | Reached XP level 3. HP: 23/23 MP: 3/3
   769 | D:2      | Got the Elucidation of Peccant Combustion
  1362 | D:3      | Found Sulippegh's Antique Armour Shop.
  1474 | D:3      | Reached XP level 4. HP: 29/29 MP: 4/4
  1776 | D:3      | Noticed Terence
  1785 | D:3      | Killed Terence
  1815 | D:3      | Reached skill level 4 in Shapeshifting
  1909 | D:3      | Reached XP level 5. HP: 32/35 MP: 5/5
  2050 | D:3      | Found Qegiex's Jewellery Shoppe.
  2656 | D:4      | Reached XP level 6. HP: 31/41 MP: 6/6
  2705 | D:4      | Found a shimmering blue altar of Sif Muna.
  2800 | D:5      | Entered Level 5 of the Dungeon
  2840 | D:5      | Noticed Eustachio
  2876 | D:5      | Killed Eustachio
  2877 | D:5      | Reached skill level 5 in Shapeshifting
  2877 | D:5      | Reached XP level 7. HP: 6/46 MP: 7/7
  3093 | D:5      | Noticed a steam dragon
  3104 | D:5      | Killed a steam dragon
  3159 | D:5      | Found a staircase to the Ecumenical Temple.
  3168 | Temple   | Entered the Ecumenical Temple
  3177 | Temple   | Became a worshipper of Gozag Ym Sagoz the Greedy
  3246 | D:5      | Reached skill level 5 in Unarmed Combat
  3461 | D:5      | Found a shadowy altar of Dithmenos.
  3617 | D:5      | Found an iron altar of Okawaru.
  3633 | D:5      | Reached skill level 6 in Shapeshifting
  3633 | D:5      | Reached XP level 8. HP: 41/54 MP: 8/8
  3637 | D:5      | Slain by an ogre

Illustrated notes

Levels and vault maps discovered:
D:1:      nzn_arrival_settlement, layout_rooms
D:2:      layout_basic
D:3:      minmay_octagon_keep, layout_loops_ring, serial_shops, shop,
          nicolae_shop_tiny_statue_garden, minmay_surrounded, uniq_terence
D:4:      layout_rooms, nicolae_sif_muna_little_library, abandoned_shop
D:5:      cheibrodos_two_vegetables, layout_basic, mainiacjoe_overflow_alcove_4,
          okawaru_trees_1, lemuel_temple_firewalk_a, st_stairs_9, uniq_edmund,
          uniq_eustachio
Temple:   nicolae_temple_ecumenical_triangle

Skill      XL: |  1  2  3  4  5  6  7 |
---------------+----------------------+-----
Fighting       | 2 3 4 |  4.4
Shapeshifting  | 4 5 6 |  6.1
Unarmed Combat | 4 5 |  5.3
Dodging        | |  2.0

Action                     |  1- 3 |  4- 6 |  7- 9 || total
---------------------------+-------+-------+-------++-------
  Melee: Unarmed           |    20 |       |       ||    20
         Constrict         |    11 |     9 |    13 ||    33
         Tentacles         |     5 |     3 |    12 ||    20
         Flail             |    41 |    48 |    33 ||   122
         Punch             |       |       |     2 ||     2
   Fire: Sling             |       |    47 |       ||    47
    Use: Potion            |       |     2 |       ||     2
   Stab: Sleeping          |    12 |       |       ||    12
 Armour: Skin              |     7 |    19 |    12 ||    38
  Dodge: Dodged            |    43 |    77 |    27 ||   147

Table legend: (Time is in decaauts)
 A = Elapsed time spent in this place.
 B = Non-inter-level travel time spent in this place.
 C = Inter-level travel time spent in this place.
 D = Time resting spent in this place.
 E = Time spent auto-exploring this place.
 F = Levels seen in this place.
 G = Mean time per level.
                   A        B        C        D        E       F      G
               +--------+--------+--------+--------+--------+-----+--------+
         Total |   3699 |   3510 |    189 |     62 |   2838 |   6 |  616.5 |
       Dungeon |   3680 |   3499 |    181 |     62 |   2838 |   5 |  736.0 |
        Temple |     18 |     10 |      8 |      0 |      0 |   1 |   18.0 |
               +--------+--------+--------+--------+--------+-----+--------+

Top non-repeatable levels by time:
     D:3: 971 daAuts
     D:2: 852 daAuts
     D:5: 842 daAuts
     D:1: 543 daAuts
     D:4: 470 daAuts
  Temple: 18 daAuts
